 Dungeon Crawl Stone Soup version 0.26-a0-946-g9485abf61d (webtiles) character file.

Game seed: 11635721155103254449

1449 PentaManta the Covert (level 8, 0/39 HPs)
             Began as a Vine Stalker Monk on Nov 28, 2020.
             Was a Believer of Dithmenos.
             Slain by a bullfrog zombie (1 damage)
             ... on level 5 of the Dungeon.
             The game lasted 00:13:07 (5243 turns).

PentaManta the Covert (Vine Stalker Monk)           Turns: 5243, Time: 00:13:08

Health: 0/39       AC:  7    Str: 17    XL:     8   Next: 75%
Magic:  0/9        EV: 12    Int: 10    God:    Dithmenos [**....]
Gold:   181        SH:  0    Dex: 16    Spells: 7/7 levels left

rFire    . . .     SeeInvis .     - Unarmed
rCold    . . .     Faith    .   (no shield)
rNeg     + . .     Spirit   +   c - +0 ring mail
rPois    .         Reflect  .   d - +0 helmet
rElec    .         Harm     .   (no cloak)
rCorr    .         Rampage  .   (no gloves)
MR       +....                  t - +0 pair of boots
Stlth    +++++.....             i - amulet of regeneration
HPRegen  0.93/turn              k - ring of positive energy
MPRegen  0.11/turn              (no ring)

@: wreathed by umbra
A: fangs 3, regeneration 1, magic shield, antimagic bite, no potion heal 3, rot
immunity
a: Shadow Step, Renounce Religion


You were on level 5 of the Dungeon.
You worshipped Dithmenos.
Dithmenos was pleased with you.
You visited 2 branches of the dungeon, and saw 7 of its levels.
You also visited: Ossuary.

You collected 181 gold pieces.

Inventory:

Hand Weapons
 u - a +2 dagger of chaos
Missiles
 f - 38 poisoned darts (quivered)
Armour
 c - a +0 ring mail (worn)
 d - a +0 helmet (worn)
 r - a +0 plate armour
 t - a +0 pair of boots (worn)
Jewellery
 i - an amulet of regeneration (around neck)
 k - a ring of positive energy (left hand)
 m - an uncursed ring of ice
Wands
 s - a wand of polymorph (6)
Scrolls
 a - 2 scrolls of blinking {unknown}
 g - a scroll of remove curse
 h - a scroll of teleportation
 j - 3 scrolls of amnesia
 A - a scroll of fear
Potions
 b - 3 potions of resistance
 e - a potion of invisibility
 o - a potion of might
 v - 5 potions of curing
 B - 3 potions of flight {unknown}
 C - a potion of ambrosia {unknown}
 D - 5 potions of degeneration {unknown}
 E - a potion of heal wounds {unknown}
 F - 2 potions of attraction {unknown}
 H - a potion of berserk rage {unknown}
 I - a potion of mutation {unknown}


   Skills:
 + Level 2.9 Fighting
 + Level 0.5 Armour
 + Level 2.5 Dodging
 - Level 11.0 Stealth
 * Level 6.7 Unarmed Combat


You had 7 spell levels left.
You didn't know any spells.
Your spell library contained the following spells:

 Spells                   Type           Power        Failure   Level
 Animate Skeleton         Necr           #.....       56%         1
 Apportation              Tloc           #.....       56%         1
 Corona                   Hex            #......      56%         1
 Summon Small Mammal      Summ           #...         56%         1


Dungeon Overview and Level Annotations

Branches:
Dungeon (6/15)             Temple (1/1) D:5         Ossuary (visited)

Altars:
Ashenzari
Cheibriados
Dithmenos
Elyvilon
Fedhas
Gozag
Hepliaklqana
Kikubaaqudgha
Makhleb
Nemelex Xobeh
Okawaru
Qazlal
Ru
Sif Muna
Trog
Vehumet
Wu Jian
Xom
Yredelemnul
Zin
The Shining One

Annotations:
D:5 2 transporters, Prince Ribbit


Innate Abilities, Weirdness & Mutations

You have razor-sharp teeth.
Your natural rate of healing is unusually fast.
When hurt, damage is shared between your health and your magic reserves.
Your bite disrupts and absorbs the magic of your enemies.
Potions cannot restore your health.
You are immune to rotting.


Message History

You hit Prince Ribbit. You bite Prince Ribbit.
Prince Ribbit's magic leaks into the air.
You drain his magic.
You feel invigorated.
Prince Ribbit is moderately wounded.
Prince Ribbit closely misses you.
You miss Prince Ribbit. Your bite misses Prince Ribbit.
Prince Ribbit is moderately wounded.
Prince Ribbit falters for a moment.
Prince Ribbit lets out a mournful croak.
Prince Ribbit misses you. Prince Ribbit hits you. Prince Ribbit hits you!
* * * LOW HITPOINT WARNING * * *
There is a stone staircase leading down here.
You hit Prince Ribbit. Your bite misses Prince Ribbit.
Prince Ribbit is heavily wounded.
Prince Ribbit hits you!
* * * LOW HITPOINT WARNING * * *
The bullfrog zombie hits you.
You die...

###.............#.(..#.#8P#5o.55
#..........#.........#(#P.#≈≈≈≈≈
#..........#...........#$.#..≈≈P
##.##.......#..........©#©$+..≈⌠≈
#...#....#####...##..#..#$.#..≈≈≈
#.8.#....# ##..##..##.#P.#≈≈≈≈≈
#...###### #......##.#8≈#5..o.
##.### #..#...##.#########
.....##########.@#...##..........
..)..#..........FZ.##############
..>..#.......................
.....#.......).......#.....$.
.....#...............#.......
##.###...............#.......
#...#.................>......
#.8.#.###...........##.......
#...#.# #...........# .......


You could see Prince Ribbit and a bullfrog zombie.

Vanquished Creatures
  Pikel (D:4)
  An orc warrior (D:5)
  A phantom (D:5)
  A scorpion (D:4)
  A water moccasin skeleton (D:4)
  2 howler monkeys
  A centaur zombie (Ossuary)
  A crimson imp (D:3)
  A bullfrog zombie (D:5)
  A hound (D:4)
  A human zombie (Ossuary)
  2 jellies
  A bullfrog skeleton (D:4)
  2 iguanas
  2 orc wizards
  3 worker ants
  4 mummies (Ossuary)
  A hound skeleton (D:5)
  5 adders
  2 ufetubi
  A worm (D:2)
  5 dart slugs
  4 leopard geckos
  17 orcs
  2 giant cockroaches
  A gnoll zombie (Ossuary)
  10 goblins
  6 hobgoblins
  7 jackals
  5 quokkas
  3 ball pythons
  6 bats
  5 frilled lizards
  2 hobgoblin zombies (Ossuary)
  9 kobolds
  3 orc zombies (Ossuary)
  A quokka skeleton (D:5)
  A quokka zombie (D:6)
  7 rats
  A rat zombie (D:6)
130 creatures vanquished.

Vanquished Creatures (others)
  2 plants (D:2)
2 creatures vanquished.

Grand Total: 132 creatures vanquished

Notes
Turn   | Place    | Note
-------+----------+-------------------------------------------
     0 | D:1      | PentaManta the Vine Stalker Monk began the quest for the
                  | Orb.
     0 | D:1      | Reached XP level 1. HP: 11/11 MP: 2/2
    81 | D:1      | Reached skill level 3 in Stealth
    81 | D:1      | Reached XP level 2. HP: 16/16 MP: 3/3
   437 | D:1      | Reached XP level 3. HP: 7/19 MP: 1/4
   743 | D:1      | Reached skill level 4 in Stealth
  1391 | D:2      | Found a white marble altar of Elyvilon.
  1484 | D:2      | Gained mutation: Your natural rate of healing is unusually
                  | fast. [Vine Stalker growth]
  1484 | D:2      | Reached XP level 4. HP: 23/23 MP: 5/5
  1732 | D:2      | Found an ancient bone altar of Kikubaaqudgha.
  1733 | D:2      | Found a blossoming altar of Fedhas.
  1926 | D:2      | Reached skill level 5 in Stealth
  2063 | D:3      | Found a glowing golden altar of the Shining One.
  2147 | D:3      | Found a snail-covered altar of Cheibriados.
  2213 | D:3      | Reached XP level 5. HP: 16/27 MP: 1/6
  2748 | D:3      | Found a glowing silver altar of Zin.
  3008 | D:3      | Found a burning altar of Makhleb.
  3008 | D:3      | Found a shimmering altar of Xom.
  3029 | D:3      | Reached skill level 6 in Stealth
  3478 | D:4      | Reached XP level 6. HP: 27/32 MP: 7/7
  3705 | D:4      | Found a radiant altar of Vehumet.
  3705 | D:4      | Found an iron altar of Okawaru.
  3706 | D:4      | Found a shimmering blue altar of Sif Muna.
  3717 | D:4      | Reached skill level 7 in Stealth
  3838 | D:5      | Entered Level 5 of the Dungeon
  3930 | D:5      | Noticed Pikel
  3971 | D:4      | Killed Pikel
  3972 | D:4      | Reached skill level 9 in Stealth
  3972 | D:4      | Reached skill level 5 in Unarmed Combat
  3972 | D:4      | Reached XP level 7. HP: 12/35 MP: 3/8
  3972 | D:4      | Gained mutation: You have razor-sharp teeth. [Vine Stalker
                  | growth]
  3972 | D:4      | Reached XP level 8. HP: 13/39 MP: 3/9
  4059 | D:6      | Found a sand-covered staircase.
  4068 | Ossuary  | Entered an ossuary
  4134 | Ossuary  | Reached skill level 10 in Stealth
  4457 | D:5      | Found a transporter.
  4505 | D:5      | Found a transporter.
  4564 | D:5      | Found a staircase to the Ecumenical Temple.
  4575 | Temple   | Entered the Ecumenical Temple
  4803 | Temple   | Became a worshipper of Dithmenos the Shadowed
  4803 | Temple   | Reached * piety under Dithmenos
  4803 | Temple   | Reached ** piety under Dithmenos
  4895 | D:5      | Reached skill level 11 in Stealth
  4947 | D:5      | Found a hazy altar of Hepliaklqana.
  5227 | D:5      | Noticed Prince Ribbit
  5243 | D:5      | HP: 1/39 [Prince Ribbit (10)]
  5243 | D:5      | Slain by a bullfrog zombie

Illustrated notes

Levels and vault maps discovered:
D:1:      minmay_arrival_four_circles, layout_basic, roderic_filled_cross,
          minmay_tromino_v4_c
D:2:      layout_loops_ring, grunt_temple_overflow_growth_and_decay,
          old_standard_altar
D:3:      layout_basic, grunt_temple_overflow_champion_of_chaos,
          nicolae_overflow_crystal_walls, lemuel_crystal_altar,
          kennysheep_slug_shrine, st_stairs_5
D:4:      layout_loops_ring, gammafunk_temple_overflow_claw
D:5:      gammafunk_wand_slinger, layout_basic, lemuel_doored_altar,
          minmay_temple_entry_antechambers, chequers_serial_rivers_micro_c,
          uniq_prince_ribbit1, uniq_pikel
D:6:      layout_gridville, enter_ossuary_4, serial_shops,
          nicolae_shop_statue_plus, uniq_crazy_yiuf_cottage
Temple:   compressed_dpeg_triangle_lava_temple

Skill      XL: |  1  2  3  4  5  6  7  8 |
---------------+-------------------------+-----
Stealth        | 3 4 5 6 9 11 | 11.0
Unarmed Combat | 4 5 6 |  6.7
Fighting       | |  2.9
Armour         | |  0.5
Dodging        | |  2.5

Action                   |  1- 3 |  4- 6 |  7- 9 || total
-------------------------+-------+-------+-------++-------
Melee: Unarmed           |    97 |   203 |   134 ||   434
       Bite              |    28 |    74 |    66 ||   168
       Punch             |       |     8 |     3 ||    11
       Dagger            |       |    30 |    18 ||    48
  Use: Scroll            |     1 |     3 |    11 ||    15
 Stab: Sleeping          |     7 |    16 |     8 ||    31
Armor: Robe              |    13 |    43 |     5 ||    61
       Ring mail         |       |       |    16 ||    16
Dodge: Dodged            |    53 |   154 |    66 ||   273

Table legend: (Time is in decaauts)
 A = Elapsed time spent in this place.
 B = Non-inter-level travel time spent in this place.
 C = Inter-level travel time spent in this place.
 D = Time resting spent in this place.
 E = Time spent auto-exploring this place.
 F = Levels seen in this place.
 G = Mean time per level.
                   A        B        C        D        E       F      G
               +--------+--------+--------+--------+--------+-----+--------+
         Total |   5205 |   5115 |     90 |    170 |   3544 |   8 |  650.6 |
       Dungeon |   4657 |   4603 |     54 |    155 |   3336 |   6 |  776.2 |
        Temple |    246 |    210 |     36 |      0 |    208 |   1 |  246.0 |
       Ossuary |    301 |    301 |      0 |     15 |      0 |   1 |  301.0 |
               +--------+--------+--------+--------+--------+-----+--------+

Top non-repeatable levels by time:
     D:1: 1170 daAuts
     D:3: 1132 daAuts
     D:2: 868 daAuts
     D:4: 710 daAuts
     D:5: 666 daAuts
 Ossuary: 301 daAuts
  Temple: 246 daAuts
     D:6: 109 daAuts
